 Dungeon Crawl Stone Soup version 0.27-a0-650-g8dd3ea4f36 (webtiles) character file.

Game seed: 158589305154424388

6 Lanoc the Charlatan (level 1, 0/12 HPs)
             Began as a Gargoyle Artificer on Mar 15, 2021.
             Slain by a worm (4 damage)
             ... on level 2 of the Dungeon.
             The game lasted 00:00:19 (151 turns).

Lanoc the Charlatan (Gargoyle Artificer)             Turns: 151, Time: 00:00:20

Health: 0/12       AC:  5    Str: 15    XL:     1   Next: 90%
Magic:  1/1        EV: 11    Int: 11    God:
Gold:   9          SH:  0    Dex: 10    Spells: 0/0 levels left

rFire    . . .     SeeInvis .   a - +0 club
rCold    . . .     Faith    .   (no shield)
rNeg     + . .     Spirit   .   b - +0 leather armour
rPois    ∞         Reflect  .   (no helmet)
rElec    +         Harm     .   (no cloak)
rCorr    .         Rampage  .   (no gloves)
Will     .....                  (no boots)
Stlth    +.........             (no amulet)
HPRegen  0.04/turn              (no ring)
MPRegen  0.07/turn              (no ring)

@: no status effects
A: AC +2, negative energy resistance 1, electricity resistance, torment
resistance 1, unbreathing 1, petrification resistance
a: no special abilities


You were on level 2 of the Dungeon.
You visited 1 branch of the dungeon, and saw 2 of its levels.

You collected 9 gold pieces.

Inventory:

Hand Weapons
 a - a +0 club (weapon)
Armour
 b - a +0 leather armour (worn)
Wands
 c - a wand of flame (15) (quivered)
 d - a wand of charming (15)
 e - a wand of random effects (15)
Scrolls
 g - 2 scrolls of teleportation {unknown}
Potions
 f - a potion of curing {unknown}


   Skills:
 + Level 1.3 Fighting
 + Level 2.3 Armour
 + Level 0.9 Dodging
 - Level 1.1 Stealth
 * Level 2.8 Evocations


You couldn't memorise any spells.
You didn't know any spells.
Your spell library was empty.

Dungeon Overview and Level Annotations

Branches:
Dungeon (2/15)

Altars:


Innate Abilities, Weirdness & Mutations

Your stone body is resilient. (AC +2)
You are immune to poison.
You resist negative energy. (rN+)
You are resistant to electric shocks. (rElec)
You are resistant to unholy torment.
You can survive without breathing.
You are immune to petrification.


Message History

A dart slug comes into view.
You see here a rat corpse.
The dart slug barely misses you.
You hit the dart slug.
The dart slug is moderately wounded.
The dart slug bites you but does no damage.
You hit the dart slug.
The dart slug is severely wounded.
The dart slug bites you but does no damage.
You hit the dart slug.
You kill the dart slug!
No target in view!
Found 30 stones.
A hobgoblin comes into view.
The hobgoblin shouts!
A hobgoblin is nearby!
A worm comes into view.
Found 17 arrows.
You closely miss the hobgoblin. The hobgoblin barely misses you.
You barely miss the worm.
The hobgoblin hits you but does no damage.
The worm closely misses you.
You hit the worm.
The worm is lightly wounded.
The hobgoblin barely misses you. The hobgoblin hits you.
You barely miss the worm.
The worm is lightly wounded.
The worm barely misses you. The hobgoblin hits you.
You hit the worm.
The worm is moderately wounded.
The hobgoblin barely misses you. The worm bites you.
You hit the worm.
The worm is moderately wounded.
The hobgoblin barely misses you. The worm bites you.
You hit the worm.
The worm is heavily wounded.
The hobgoblin hits you.
The hobgoblin hits you but does no damage.
The worm bites you.
You die...

...............
#...............
#..............#
#..............#
#.....(........#
#...............
#.......g.......
#.......@w.(....
######.###+###.
### #...# #<#
###.# #.# #.#
.#####†#####.#
#.............#
........#######
#########


You could see a worm and a hobgoblin.

Vanquished Creatures
  A dart slug (D:2)
  A goblin (D:1)
  A hobgoblin (D:1)
  A rat (D:2)
4 creatures vanquished.

Notes
Turn   | Place    | Note
-------+----------+-------------------------------------------
     0 | D:1      | Lanoc the Gargoyle Artificer began the quest for the Orb.
     0 | D:1      | Reached XP level 1. HP: 12/12 MP: 1/1
   151 | D:2      | Slain by a worm

Illustrated notes

Levels and vault maps discovered:
D:1:      dpeg_arrival_arbitrary_c, layout_loops_ring, corexii_corridor_pit,
          hangedman_decor_growths
D:2:      layout_basic, bloody_trog, grunt_gozag_breadcrumbs,
          nicolae_qazlal_eye_of_the_storm

Action                   || total
-------------------------++-------
Melee: Club              ||    19
Armor: Leather armour    ||     7
Dodge: Dodged            ||    11

Table legend: (Time is in decaauts)
 A = Elapsed time spent in this place.
 B = Non-inter-level travel time spent in this place.
 C = Inter-level travel time spent in this place.
 D = Time resting spent in this place.
 E = Time spent auto-exploring this place.
 F = Levels seen in this place.
 G = Mean time per level.
                   A        B        C        D        E       F      G
               +--------+--------+--------+--------+--------+-----+--------+
         Total |    156 |    155 |      1 |      0 |    114 |   2 |   78.0 |
       Dungeon |    156 |    155 |      1 |      0 |    114 |   2 |   78.0 |
               +--------+--------+--------+--------+--------+-----+--------+

Top non-repeatable levels by time:
     D:1: 126 daAuts
     D:2: 29 daAuts
